 Dungeon Crawl Stone Soup version 0.31.0-1-g2c135a0 (webtiles) character file.

Game seed: 3250209453732443957

819 cowham82 the Chopper (level 7, 59/59 HPs)
             Began as an Armataur Berserker on Mar 18, 2024.
             Was a Believer of Trog.
             Quit the game on level 4 of the Dungeon.
             The game lasted 00:16:21 (2443 turns).

cowham82 the Chopper (Armataur Berserker)           Turns: 2443, Time: 00:16:21

Health: 59/59      AC: 11    Str: 24    XL:     7   Next: 63%
Magic:  7/7        EV:  9    Int:  7    God:    Trog [**....]
Gold:   163        SH:  0    Dex: 10    Spells: 6/6 levels left

rFire   . . .        d - +1 hand axe (venom)
rCold   . . .        (no shield)
rNeg    . . .        h - +0 ring mail
rPois   .            (no helmet)
rElec   .            (no cloak)
rCorr   .            m - +0 pair of gloves
SInv    .            (no barding)
Will    .....        (no amulet)
Stlth   +            e - +4 ring of protection
HPRegen 0.29/turn    (no ring)
MPRegen 0.10/turn

%: roll
@: no status effects
A: large, deformed body, tough skin 3, armoured tail, roll 2
a: Renounce Religion, Berserk, Trog's Hand


You were on level 4 of the Dungeon.
You worshipped Trog.
Trog was pleased with you.
You visited 1 branch of the dungeon, and saw 4 of its levels.

You collected 163 gold pieces.

Inventory:

Hand Weapons
 d - a +1 hand axe of venom (weapon)
 j - a +3 mace
Missiles
 b - 6 javelins (quivered)
 c - 32 stones
Armour
 h - a +0 ring mail (worn)
 m - a +0 pair of gloves (worn)
Jewellery
 e - a +4 ring of protection (left hand)
Wands
 l - a wand of acid (12)
Scrolls
 f - 3 scrolls of identify {unknown}
 g - 3 scrolls of teleportation {unknown}
 i - a scroll of immolation {unknown}
 k - 2 scrolls of fear {unknown}
Potions
 a - a potion of curing {unknown}


   Skills:
 + Level 4.2 Fighting
 + Level 5.3 Axes
 + Level 1.0 Throwing
 + Level 5.0 Armour
 + Level 2.7 Dodging
 + Level 1.3 Stealth


You had 6 spell levels left.
You didn't know any spells.
Your spell library was empty.

Dungeon Overview and Level Annotations

Branches:
Dungeon (4/15)
 Temple: D:4-7

Altars:
Makhleb
Xom


Innate Abilities, Weirdness & Mutations

Armour fits poorly on your strangely shaped body.
You have extremely tough skin. (AC +3)
You have a long armoured tail.
You regenerate magic and health when rolling toward enemies. (Rampage Regen)


Message History

There is a shimmering altar of Xom here.
You see here a +1 dagger of chaos.
There is an open door, spattered with blood here.
You start resting.
You start to feel less resistant.
You start resting.
Your resistance to elements expires.
You start waiting.
Done waiting.
You see here a book of Debilitation.
There is a stone staircase leading down here.
A phantom comes into view.
You hit the phantom.
The phantom is lightly damaged.
The phantom hits you but does no damage.
You slash the phantom!
The phantom is heavily damaged.
The phantom hits you but does no damage.
You closely miss the phantom.
The phantom is heavily damaged.
The phantom hits you but does no damage.
You barely miss the phantom.
Your tail-slap misses the phantom.
The phantom is moderately damaged.
The phantom hits you.
The phantom blinks!
You blink.
You miss the phantom. You tail-slap the phantom!
The phantom is severely damaged.
The phantom closely misses you.
You hit the phantom but do no damage.
The phantom is severely damaged.
The phantom hits you but does no damage.
You slash the phantom! You tail-slap the phantom.
You destroy the phantom!
Trog accepts your kill.
Your Armour skill increases to level 5!
HP restored.
Found a stone staircase leading up.
There is a stone staircase leading down here.
Done exploring.
Unknown command.
Are you sure you want to abandon this character and quit the game? (Confirm with "yes".)

#....# #.#.. #....#
#.#.# #....# ###.#..
#..(.# #.....#
#....# #.#.#.#
###....# #.#.#.#
#......# #.#.#.#
#...#### #<#.#.#
#.@.###########.#.#
#.>.............#.#
#....#####.###....#
#####.>.###.####.###
#...................
#........)#.####...#
#.........#.# ###.#
#.........#.# #.#
#.........#.# #.#


There were no monsters in sight!

Vanquished Creatures
  Pikel (D:4)
  2 phantoms (D:4)
  A lemure (D:4)
  A scorpion (D:4)
  A crimson imp (D:4)
  A bombardier beetle (D:3)
  A gnoll (D:3)
  3 adders (D:3)
  2 orcs (D:3)
  5 endoplasms
  2 giant cockroaches (D:1)
  9 goblins
  2 hobgoblins
  A quokka (D:2)
  9 ball pythons
  3 bats
  2 frilled lizards
  9 kobolds
  2 rats (D:1)
57 creatures vanquished.

Notes
Turn   | Place    | Note
-------+----------+-------------------------------------------
     0 | D:1      | cowham82 the Armataur Berserker began the quest for the
                  | Orb.
     0 | D:1      | Reached XP level 1. HP: 18/18 MP: 1/1
    70 | D:1      | Reached XP level 2. HP: 24/25 MP: 2/2
   781 | D:2      | Reached ** piety under Trog
   785 | D:2      | Reached XP level 3. HP: 31/31 MP: 3/3
  1187 | D:3      | Found a faded altar of an unknown god.
  1379 | D:3      | Reached XP level 4. HP: 31/38 MP: 4/4
  1581 | D:4      | Noticed a scorpion
  1586 | D:4      | Killed a scorpion
  1587 | D:4      | Reached XP level 5. HP: 42/45 MP: 5/5
  1748 | D:4      | Noticed a lemure
  1756 | D:4      | Killed a lemure
  1757 | D:4      | Noticed Pikel
  1757 | D:4      | Noticed a lemure
  1762 | D:4      | Noticed a lemure
  1773 | D:4      | Killed Pikel
  1774 | D:4      | Reached skill level 5 in Axes
  1774 | D:4      | Reached skill level 1 in Throwing
  1774 | D:4      | Reached skill level 1 in Stealth
  1774 | D:4      | Reached XP level 6. HP: 52/52 MP: 6/6
  1774 | D:4      | Gained mutation: You regenerate magic and health when
                  | rolling toward enemies. (Rampage Regen) [Armataur growth]
  1774 | D:4      | Reached XP level 7. HP: 59/59 MP: 7/7
  1995 | D:4      | Found a burning altar of Makhleb.
  1996 | D:4      | Found a shimmering altar of Xom.
  2328 | D:4      | Reached skill level 5 in Armour
  2443 | D:4      | Quit the game

Illustrated notes

Levels and vault maps discovered:
D:1:      scummos_arrival_simple_crosswalls, layout_loops_ring
D:2:      layout_basic
D:3:      layout_rooms, shapermc_ecumenical_altar_notcrosses, minmay_vboxes
D:4:      layout_basic, grunt_temple_overflow_champion_of_chaos, uniq_pikel

Skill      XL: |  1  2  3  4  5  6  7 |
---------------+----------------------+-----
Fighting       | 3 4 |  4.2
Axes           | 3 5 |  5.3
Dodging        | 2 |  2.7
Armour         | 3 4 5 |  5.0
Throwing       | 1 |  1.0
Stealth        | 1 |  1.3

Action                     |  1- 3 |  4- 6 |  7- 9 || total
---------------------------+-------+-------+-------++-------
  Melee: Hand axe          |    97 |    24 |    31 ||   152
         Tailslap          |     6 |     3 |     3 ||    12
         Punch             |       |     1 |     1 ||     2
  Throw: Stone             |     7 |       |       ||     7
         Javelin           |       |     1 |       ||     1
 Invoke: Berserk           |     2 |     1 |       ||     3
    Use: Potion            |     3 |       |       ||     3
 Armour: Animal skin       |    32 |       |       ||    32
         Ring mail         |    26 |    16 |    24 ||    66
  Dodge: Dodged            |    49 |     3 |    14 ||    66
